 Dungeon Crawl Stone Soup version 0.29.1 (webtiles) character file.

Game seed: 3279371324776071264

1 Marcotte the Conjurer (level 1, -1/13 HPs)
             Began as a Human Conjurer on Sept 14, 2022.
             Slain by a quokka (3 damage)
             ... on level 1 of the Dungeon.
             The game lasted 00:00:19 (39 turns).

Marcotte the Conjurer (Human Conjurer)                Turns: 39, Time: 00:00:19

Health: -1/13      AC:  2    Str:  7    XL:     1   Next: 22%
Magic:  0/3        EV: 12    Int: 18    God:
Gold:   9          SH:  0    Dex: 11    Spells: 3/4 levels left

rFire   . . .      SeeInvis .   (no weapon)
rCold   . . .      Faith    .   (no shield)
rNeg    . . .      Spirit   .   a - +0 robe
rPois   .          Reflect  .   (no helmet)
rElec   .          Harm     .   (no cloak)
rCorr   .          Rampage  .   (no gloves)
Will    .....                   (no boots)
Stlth   ++........              (no amulet)
HPRegen 0.04/turn               (no ring)
MPRegen 0.08/turn               (no ring)

@: no status effects
A: no striking features
a: no special abilities


You were on level 1 of the Dungeon.
You visited 1 branch of the dungeon, and saw 1 of its levels.

You collected 9 gold pieces.

Inventory:

Armour
 a - a +0 robe (worn)
Scrolls
 c - 2 scrolls of identify {unknown}
Potions
 b - a potion of magic


   Skills:
 + Level 2.0 Dodging
 + Level 2.0 Stealth
 + Level 2.0 Spellcasting
 + Level 4.0 Conjurations


You had 3 spell levels left.
You knew the following spells:

 Your Spells              Type           Power      Damage    Failure   Level
a - Magic Dart            Conj           64%        1d6       3%          1

Your spell library contained the following spells:

 Spells                   Type           Power      Damage    Failure   Level
 Searing Ray              Conj           32%        2d5       5%          2
 Dazzling Flash           Conj/Hex       18%        N/A       24%         3
 Fulminant Prism          Conj/Hex       4%         3d6       61%         4
 Iskenderun's Mystic Bla  Conj/Tloc      9%         2d4       61%         4


Dungeon Overview and Level Annotations

Branches:
Dungeon (1/15)

Altars:


Message History

Aim: a quokka (100% to hit)
The magic dart hits the quokka.
The quokka is lightly wounded.
The quokka barely misses you.
Casting: Magic Dart (safe; 3% risk of failure)
Confirm with . or Enter, or press ? or * to list all spells.
Aiming: Magic Dart (safe; 3% risk of failure)
Press: ? - help, Shift-Dir - straight line, f/p - quokka
Aim: a quokka (lightly wounded, 100% to hit)
The magic dart hits the quokka but does no damage.
The quokka is lightly wounded.
The quokka barely misses you.
Casting: Magic Dart (safe; 3% risk of failure)
Confirm with . or Enter, or press ? or * to list all spells.
Aiming: Magic Dart (safe; 3% risk of failure)
Press: ? - help, Shift-Dir - straight line, f/p - quokka
Aim: a quokka (lightly wounded, 100% to hit)
The magic dart hits the quokka.
The quokka is moderately wounded.
The quokka misses you.
You closely miss the quokka.
The quokka is moderately wounded.
The quokka barely misses you.
You closely miss the quokka.
The quokka is moderately wounded.
The quokka bites you. x2
You hit the quokka.
The quokka is severely wounded.
The quokka barely misses you.
You completely miss the quokka.
The quokka is severely wounded.
The quokka bites you.
You hit the quokka but do no damage.
The quokka is severely wounded.
The quokka bites you.
* * * LOW HITPOINT WARNING * * *
You barely miss the quokka.
The quokka is severely wounded.
The quokka bites you.
You die...

## ##... ##. ....
##..##...#
.........##
r.#......
##.#....#
#..#....# .#
#.#.r@..# #.
.##....### #.#
#.#.......#
..###..#.....###
#..#..##.......#
#..#..##.......#
#
#..(###.....>.#.#
#.<.#...........#
#...##.#.......##


You could see a quokka.

Vanquished Creatures
  A goblin (D:1)
1 creature vanquished.

Notes
Turn   | Place    | Note
-------+----------+-------------------------------------------
     0 | D:1      | Marcotte the Human Conjurer began the quest for the Orb.
     0 | D:1      | Reached XP level 1. HP: 13/13 MP: 3/3
    39 | D:1      | Slain by a quokka

Illustrated notes

Levels and vault maps discovered:
D:1:      dpeg_arrival_simpleton_a, layout_basic, serial_co_window_serial,
          co_window_of_opportunity_a, co_window_of_opportunity_a,
          co_window_corner_a, co_window_of_opportunity_a, co_window_corner_a,
          co_window_paths_b, co_window_corner_ca, co_window_2corner,
          co_window_unsneaky_path_d, co_window_cross_4, co_window_broadway_b,
          co_window_paths_c, co_window_paths_d, glass_columns_a,
          glass_columns_a, glass_columns_a, glass_columns_b, glass_columns_c,
          minmay_heptomino_w4

Action                   || total
-------------------------++-------
Melee: Unarmed           ||     6
 Cast: Magic Dart        ||     4
Dodge: Dodged            ||     5
